 Dungeon Crawl Stone Soup version 0.27.0-1-g7a089689b8 (webtiles) character file.

Game seed: 11960917142524924543

13354 Angani the Immaculate (level 11, -5/113 HPs)
             Began as a Troll Monk on Aug 7, 2021.
             Was a High Priest of Zin.
             Slain by an 11-headed hydra (9 damage)
             ... on level 1 of the Lair of Beasts.
             The game lasted 00:18:04 (9340 turns).

Angani the Immaculate (Troll Monk)                  Turns: 9340, Time: 00:18:05

Health: -5/113     AC:  5    Str: 28    XL:     11   Next: 74%
Magic:  15/17      EV: 13    Int: 10    God:    Zin [*****.]
Gold:   549        SH:  0    Dex: 16    Spells: 10/10 levels left

rFire    . . .     SeeInvis +     - Unarmed
rCold    . . .     Faith    +   (no shield)
rNeg     . . .     Spirit   .   a - +0 robe
rPois    ∞         Reflect  .   p - +1 hat
rElec    .         Harm     .   (no cloak)
rCorr    .         Rampage  .   (gloves unavailable)
Will     .....                  (boots unavailable)
Stlth    ++........             G - amulet of faith
HPRegen  1.28/turn              q - +4 ring of slaying
MPRegen  0.15/turn              I - ring of see invisible

@: vitalised, studying Axes
A: large, unfitting armour, claws 3, regeneration 1, shaggy fur 1, tough skin 1
a: Renounce Religion, Recite, Vitalisation, Imprison, Sanctuary, Donate Gold


You were on level 1 of the Lair of Beasts.
You worshipped Zin.
Zin was extremely pleased with you.
You visited 3 branches of the dungeon, and saw 14 of its levels.

You collected 609 gold pieces.
You donated 60 gold pieces to Zin.

Inventory:

Armour
 a - a +0 robe (worn)
 p - a +1 hat (worn)
 L - a scarf of harm
Jewellery
 f - an amulet of magic regeneration
 l - a ring of magical power
 q - a +4 ring of slaying (left claw)
 C - a ring of fire
 G - an amulet of faith (around neck)
 I - a ring of see invisible (right claw)
 J - a +6 ring of strength
Wands
 w - a wand of iceblast (7)
 y - a wand of flame (13)
Scrolls
 d - 3 scrolls of enchant weapon {unknown}
 e - 2 scrolls of fear {unknown}
 g - 4 scrolls of blinking {unknown}
 h - 2 scrolls of enchant armour {unknown}
 i - 14 scrolls of identify {unknown}
 j - 2 scrolls of immolation {unknown}
 k - 2 scrolls of vulnerability {unknown}
 v - 2 scrolls of teleportation {unknown}
 x - 2 scrolls of amnesia {unknown}
 z - a scroll of magic mapping {unknown}
 A - a scroll of acquirement {unknown}
 D - 2 scrolls of torment {unknown}
 K - a scroll of noise {unknown}
Potions
 b - 14 potions of curing {unknown}
 c - 4 potions of heal wounds {unknown}
 m - a potion of magic {unknown}
 n - a potion of flight {unknown}
 o - a potion of mutation {unknown}
 r - 2 potions of degeneration {unknown}
 s - 2 potions of resistance {unknown}
 t - 2 potions of cancellation {unknown}
 u - a potion of attraction {unknown}
 B - a potion of haste
 F - a potion of berserk rage {unknown}
 H - a potion of lignification {unknown}


   Skills:
 - Level 8.5 Fighting
 - Level 7.0 Dodging
 - Level 1.0 Stealth
 - Level 10.0 Unarmed Combat
 + Level 10.1 Invocations


You had 10 spell levels left.
You didn't know any spells.
Your spell library contained the following spells:

 Spells                   Type           Power      Damage    Failure   Level
 Call Canine Familiar     Summ           0%         N/A       75%         3
 Portal Projectile        Hex/Tloc       0%         N/A       75%         3
 Stone Arrow              Conj/Erth      0%         3d7       75%         3
 Animate Armour           Summ/Erth      0%         N/A       98%         4
 Leda's Liquefaction      Hex/Erth       0%         N/A       98%         4
 Petrify                  Tmut/Erth      0%         N/A       98%         4
 Summon Ice Beast         Ice/Summ       0%         N/A       98%         4
 Metabolic Englaciation   Hex/Ice        0%         N/A       100%        5
 Summon Mana Viper        Hex/Summ       0%         N/A       100%        5
 Statue Form              Tmut/Erth      0%         N/A       100%        6
 Monstrous Menagerie      Summ           0%         N/A       100%        7
 Borgnjor's Revivificati  Necr           0%         N/A       100%        8
 Lehudib's Crystal Spear  Conj/Erth      0%         10d2      100%        8
 Necromutation            Tmut/Necr      0%         N/A       100%        8
 Death's Door             Necr           0%         N/A       100%        9


Dungeon Overview and Level Annotations

Branches:
Dungeon (12/15)            Temple (1/1) D:7            Lair (1/6) D:11
    Orc: D:9-12

Altars:
Ashenzari
Cheibriados
Dithmenos
Elyvilon
Fedhas
Gozag
Hepliaklqana
Kikubaaqudgha
Makhleb
Nemelex Xobeh
Okawaru
Qazlal
Ru
Sif Muna
Trog
Uskayaw
Vehumet
Wu Jian
Xom
Yredelemnul
Zin
The Shining One

Shops:
D:3 [   D:9 !

Annotations:
D:4 2 transporters, NikiYani's ghost, amateur DEFE
D:5 exclusion: 2 doors


Innate Abilities, Weirdness & Mutations

You are too large for most types of armour.
You have claws for hands.
Your natural rate of healing is unusually fast.
You are covered in fur. (AC +1)
You have tough skin. (AC +1)


Message History

You rip one of the eight-headed hydra's heads off!
The seven-headed hydra grows two more!
You mangle the nine-headed hydra!!
The nine-headed hydra is moderately wounded.
The nine-headed hydra struggles against the net.
The net rips apart, and the nine-headed hydra comes free!
Unknown command.
Zin grants you divine stamina.
The nine-headed hydra closely misses you.
The nine-headed hydra bites you! x3; The nine-headed hydra bites you.
The nine-headed hydra barely misses you.
The nine-headed hydra bites you.
The nine-headed hydra closely misses you.
The nine-headed hydra bites you!
Unknown command.
You claw one of the nine-headed hydra's heads off!
The eight-headed hydra grows two more!
You mangle the ten-headed hydra!!
The ten-headed hydra is heavily wounded.
The ten-headed hydra bites you but does no damage. x2
The ten-headed hydra bites you.
The ten-headed hydra bites you but does no damage.
The ten-headed hydra bites you. x2; The ten-headed hydra bites you!
* * * LOW HITPOINT WARNING * * *
The ten-headed hydra closely misses you.
The ten-headed hydra bites you.
* * * LOW HITPOINT WARNING * * *
The ten-headed hydra misses you.
You claw one of the ten-headed hydra's heads off!
The nine-headed hydra grows two more!
You scratch the 11-headed hydra.
The 11-headed hydra is heavily wounded.
The 11-headed hydra closely misses you. The 11-headed hydra bites you!
* * * LOW HITPOINT WARNING * * *
The 11-headed hydra bites you!
* * * LOW HITPOINT WARNING * * *
The 11-headed hydra bites you!
* * * LOW HITPOINT WARNING * * *
The 11-headed hydra closely misses you. The 11-headed hydra bites you.
* * * LOW HITPOINT WARNING * * *
The 11-headed hydra barely misses you. x2
The 11-headed hydra closely misses you. The 11-headed hydra bites you!
You die...

## #
#..#####P.#.#
#..D@<......#
##.......####
#..P##...#
#..## .>...#
##. ..... =.
##.#. ### ##


You could see a 11-headed hydra.

Vanquished Creatures
  Harold (D:9)
  Erica (D:9)
  3 two-headed ogres
  2 death yaks (D:11)
  Pikel (D:6)
  A cyclops (D:11)
  A gargoyle (D:12)
  2 kobold demonologists (D:10)
  A komodo dragon (D:12)
  2 trolls (D:10)
  A hornet (D:8)
  Prince Ribbit (D:5)
  A meliai zombie (D:10)
  Sigmund (D:4)
  3 wraiths
  3 yaks
  A vampire (D:7)
  A wyvern (D:10)
  Menkaure (D:5)
  Edmund (D:5)
  An acid dragon (D:11)
  A water moccasin (D:6)
  Duvessa (D:5)
  3 orc warriors
  2 ice beasts
  4 ogres
  A lemure (D:6)
  A phantom (D:5)
  2 centaurs
  2 kobold brigands
  Blork the orc (D:4)
  3 bullfrogs
  2 wyvern zombies
  4 scorpions
  Dowan (D:5)
  4 killer bees (D:8)
  An electric eel (D:10)
  7 howler monkeys
  A wight (D:8)
  A bullfrog zombie (D:6)
  4 centaur zombies
  4 hounds
  3 centaur skeletons
  5 orc priests
  A gnoll shaman (D:6)
  3 jellies
  A scorpion zombie (D:5)
  2 iguanas (D:5)
  2 orc wizards
  A hound skeleton (D:5)
  A howler monkey zombie (D:8)
  Robin (D:3)
  8 gnolls
  4 adders
  A shadow imp (D:6)
  A white imp (D:5)
  2 ufetubi
  A worm (D:4)
  4 dart slugs
  32 orcs
  8 bats
  6 endoplasms
  2 giant cockroaches (D:1)
  12 goblins
  8 hobgoblins
  8 jackals
  6 quokkas
  4 ball pythons
  A frilled lizard (D:1)
  14 kobolds
  5 rats
227 creatures vanquished.

Vanquished Creatures (others)
  An acid dragon (D:9)
  2 yaks (D:9)
  A plant (Lair:1)
4 creatures vanquished.

Grand Total: 231 creatures vanquished

Notes
Turn   | Place    | Note
-------+----------+-------------------------------------------
     0 | D:1      | Angani the Troll Monk began the quest for the Orb.
     0 | D:1      | Reached XP level 1. HP: 22/22 MP: 0/0
    91 | D:1      | Reached XP level 2. HP: 28/29 MP: 1/1
   253 | D:1      | Found a faded altar of an unknown god.
   418 | D:1      | Reached XP level 3. HP: 36/37 MP: 2/2
  1498 | D:3      | Found a broken altar of Ashenzari.
  1575 | D:3      | Noticed Robin
  1579 | D:3      | Reached XP level 4. HP: 44/45 MP: 3/3
  1650 | D:3      | Killed Robin
  1799 | D:3      | Found Xohal's Antique Armour Shoppe.
  1978 | D:4      | Reached XP level 5. HP: 40/54 MP: 4/4
  2085 | D:4      | Found an ornate altar of the Wu Jian Council.
  2156 | D:4      | Noticed Sigmund
  2159 | D:5      | Entered Level 5 of the Dungeon
  2167 | D:5      | Reached skill level 5 in Unarmed Combat
  2192 | D:5      | Noticed Prince Ribbit
  2221 | D:5      | Noticed Dowan
  2241 | D:5      | Noticed Menkaure
  2252 | D:5      | Killed Menkaure
  2253 | D:5      | Reached XP level 6. HP: 6/63 MP: 5/5
  2409 | D:5      | Noticed Duvessa
  2479 | D:4      | Noticed NikiYani's ghost (amateur DEFE)
  2480 | D:4      | Found a transporter.
  2586 | D:4      | Noticed Blork the orc
  2658 | D:4      | Reached skill level 5 in Fighting
  2658 | D:4      | Reached XP level 7. HP: 58/65 MP: 6/6
  2756 | D:4      | Killed Sigmund
  3045 | D:4      | Found a transporter.
  3096 | D:4      | Killed Blork the orc
  3158 | D:5      | Noticed Edmund
  3176 | D:5      | Killed Edmund
  3177 | D:5      | Reached XP level 8. HP: 62/83 MP: 7/7
  3389 | D:5      | Killed Prince Ribbit
  3604 | D:5      | Killed Duvessa
  3610 | D:5      | Killed Dowan
  4083 | D:6      | Reached XP level 9. HP: 93/93 MP: 8/8
  4083 | D:6      | Noticed Pikel
  4102 | D:6      | Killed Pikel
  4711 | D:7      | Reached skill level 10 in Unarmed Combat
  4746 | D:7      | Found a staircase to the Ecumenical Temple.
  4751 | Temple   | Entered the Ecumenical Temple
  4867 | Temple   | Became a worshipper of Zin the Law-Giver
  4867 | Temple   | Reached * piety under Zin
  4867 | Temple   | Reached ** piety under Zin
  4867 | Temple   | Reached *** piety under Zin
  4929 | D:7      | Found a stormy altar of Qazlal.
  4950 | D:7      | Reached skill level 1 in Invocations
  4975 | D:7      | Found a blossoming altar of Fedhas.
  5755 | D:8      | Reached XP level 10. HP: 76/106 MP: 11/11
  5857 | D:8      | Reached **** piety under Zin
  6239 | D:9      | Found Poaje's Distillery.
  6389 | D:9      | Noticed Harold
  6434 | D:9      | Killed Harold
  6435 | D:9      | Reached skill level 5 in Dodging
  6437 | D:9      | Reached skill level 5 in Invocations
  6685 | D:9      | Identified the +2 short sword "Hydrabane" {speed, Will+}
  6923 | D:9      | Noticed Erica
  6930 | D:9      | Killed Erica
  7639 | D:10     | Entered Level 10 of the Dungeon
  7928 | D:10     | Reached XP level 11. HP: 110/113 MP: 14/14
  7961 | D:10     | Found an iron altar of Okawaru.
  7986 | D:10     | Reached ***** piety under Zin
  8328 | D:10     | Noticed a two-headed ogre
  8339 | D:10     | Killed a two-headed ogre
  8415 | D:10     | Found a hide-covered altar of Uskayaw.
  8595 | D:11     | Noticed a death yak
  8772 | D:11     | Noticed a two-headed ogre
  8780 | D:11     | Killed a two-headed ogre
  8928 | D:11     | Found a staircase to the Lair.
  8928 | D:11     | Noticed a death yak
  8998 | D:11     | Killed a death yak
  9004 | D:11     | Noticed a death yak
  9021 | D:11     | Noticed a death yak
  9021 | D:11     | Noticed a death yak
  9023 | D:11     | Noticed a death yak
  9024 | D:11     | Killed a death yak
  9026 | D:11     | Noticed a death yak
  9028 | D:11     | Noticed a death yak
  9197 | D:12     | Noticed a two-headed ogre
  9201 | D:12     | Killed a two-headed ogre
  9202 | D:12     | Reached skill level 10 in Invocations
  9329 | Lair:1   | Entered Level 1 of the Lair of Beasts
  9329 | Lair:1   | Noticed a five-headed hydra
  9340 | Lair:1   | HP: 4/113 [11-headed hydra (2)]
  9340 | Lair:1   | Slain by an 11-headed hydra

Illustrated notes

Levels and vault maps discovered:
D:1:      wander_arrival_estate, layout_loops_ring,
          hellmonk_ecumenical_altar_pennies_from_heaven
D:2:      kb_forest_paths, layout_basic, serial_co_window_serial,
          co_window_corner_a, co_window_corner_a, co_window_of_opportunity_a,
          co_window_paths_b, co_window_paths_b, co_window_corner_a,
          co_window_2corner, glass_columns_a, glass_columns_a, glass_columns_a
D:3:      layout_rooms, mainiacjoe_overflow_small_starburst, serial_shops,
          nicolae_diamond_shop, uniq_robin
D:4:      layout_loops_cross, nzn_wu_jian_contemplation,
          gammafunk_ghost_mausoleum, hangedman_decor_lopped,
          minmay_manual_mares, uniq_sigmund, uniq_blork_the_orc
D:5:      layout_gridville, uniq_edmund, uniq_duvessa, uniq_menkaure,
          uniq_prince_ribbit1
D:6:      layout_loops_cross, serial_rivers, chequers_serial_rivers_small_a,
          chequers_serial_rivers_micro_b, chequers_serial_rivers_marsh,
          chequers_serial_rivers_micro_a, kennysheep_doodads, uniq_pikel
D:7:      layout_basic, grunt_temple_overflow_forces_of_nature,
          minmay_temple_entry_wispy, kennysheep_generic_room_3
D:8:      layout_basic, kennysheep_small_square
D:9:      layout_basic, serial_shops, nicolae_inconvenience_store,
          kennysheep_generic_room_9, uniq_erica, uniq_harold
D:10:     layout_roguey, mainiacjoe_overflow_surrounded_room,
          lemuel_round_altar, kennysheep_small_spiral
D:11:     layout_basic, dpeg_lair_monsters
D:12:     layout_loops_corners, minmay_orc_entry_temple_small,
          hangedman_abyss_or_decor_jellyfish_corner, minmay_statues_item
Temple:   compressed_dpeg_circular_temple
Lair:1:   layout_layer_cave, gammafunk_ghost_icy, lemuel_fruit_fields,
          grunt_megastairs_4, minmay_lair_oklob_chamber

Skill      XL: |  1  2  3  4  5  6  7  8  9 10 11 |
---------------+----------------------------------+-----
Fighting       | 3 4 5 6 7 8 |  8.5
Unarmed Combat | 4 5 6 7 8 10 | 10.0
Invocations    | 2 6 10 | 10.1
Dodging        | 3 6 7 |  7.0
Stealth        | |  1.0

Action                   |  1- 3 |  4- 6 |  7- 9 | 10-12 || total
-------------------------+-------+-------+-------+-------++-------
Melee: Unarmed           |    87 |   111 |   271 |   216 ||   685
       Punch             |       |     4 |     9 |    11 ||    24
Throw: Throwing net      |       |       |       |     7 ||     7
Invok: Recite            |       |       |     3 |    11 ||    14
       Vitalisation      |       |       |       |     2 ||     2
Evoke: Wand              |       |       |     5 |    21 ||    26
 Stab: Sleeping          |     1 |     1 |     1 |     1 ||     4
       Distracted        |       |     1 |     1 |       ||     2
       Paralysed         |       |       |     5 |     5 ||    10
       Confused          |       |       |       |     2 ||     2
       Held in net/web   |       |       |       |     2 ||     2
Armor: Robe              |    36 |    58 |    48 |    41 ||   183
Dodge: Dodged            |    31 |    63 |   102 |   118 ||   314
